 Dungeon Crawl Stone Soup version 0.29-a0-791-ga0f254aafb (webtiles) character file.

Game seed: 17672969866278394799

96 Malachi the Shooter (level 4, -1/33 HPs)
             Began as a Formicid Hunter on July 3, 2022.
             Was a Believer of Cheibriados.
             Succumbed to an adder's poison
             ... on level 3 of the Dungeon.
             The game lasted 00:03:42 (1776 turns).

Malachi the Shooter (Formicid Hunter)               Turns: 1776, Time: 00:03:43

Health: -1/33      AC:  3    Str: 20    XL:     4   Next: 98%
Magic:  4/4        EV: 12    Int: 12    God:    Cheibriados [**....]
Gold:   75         SH:  0    Dex: 23    Spells: 3/3 levels left

rFire   . . .      SeeInvis +   a - +0 shortbow
rCold   . . .      Faith    .   (no shield)
rNeg    . . .      Spirit   .   c - +0 leather armour
rPois   .          Reflect  .   (helmet unavailable)
rElec   .          Harm     .   (no cloak)
rCorr   .          Rampage  .   (no gloves)
Will    .....                   (no boots)
Stlth   ++........              (no amulet)
HPRegen 0.11/turn               (no ring)
MPRegen 0.09/turn               (no ring)

@: mighty, lethally poisoned (-1 -> -9), attractive, very slow
A: permanent stasis, dig shafts and tunnels, antennae 3, four strong arms
a: Dig, Shaft Self, Renounce Religion, Bend Time


You were on level 3 of the Dungeon.
You worshipped Cheibriados.
Cheibriados was pleased with you.
You visited 1 branch of the dungeon, and saw 3 of its levels.

You collected 75 gold pieces.

Inventory:

Hand Weapons
 a - a +0 shortbow (weapon)
Armour
 c - a +0 leather armour (worn)
Scrolls
 b - a scroll of immolation
 d - a scroll of identify
 e - a scroll of brand weapon
 f - a scroll of enchant armour
Potions
 g - a potion of might


   Skills:
 - Level 2.1 Fighting
 * Level 5.9 Ranged Weapons
 + Level 0.1 Armour
 - Level 1.7 Dodging
 + Level 1.4 Stealth


You had 3 spell levels left.
You didn't know any spells.
Your spell library contained the following spells:

 Spells                   Type           Power      Damage    Failure   Level
 Ensorcelled Hibernation  Hex/Ice        0%         N/A       52%         2
 Passwall                 Tmut/Erth      0%         N/A       52%         2
 Sublimation of Blood     Necr           0%         N/A       52%         2
 Wereblood                Tmut           0%         N/A       52%         2
 Conjure Flame            Conj/Fire      0%         6-21      75%         3
 Ignite Poison            Fire/Tmut/Pois 0%         N/A       75%         3
 Sticky Flame             Conj/Fire      0%         2d3       98%         4
 Summon Hydra             Summ           0%         N/A       100%        7
 Swiftness                Air            Unusable   N/A       N/A         3

Dungeon Overview and Level Annotations

Branches:
Dungeon (3/15)

Altars:
Cheibriados

Shops:
D:2 =:**   D:3 [


Innate Abilities, Weirdness & Mutations

You cannot be hasted, slowed, berserked, paralysed or teleported.
You can dig through walls and to a lower floor.
You have a pair of large antennae on your head. (SInv)
Your four strong arms can wield two-handed weapons with a shield.


Message History

You feel sick. The river rat closely misses you. The adder closely misses you.
Unknown command.
Fire: a) +0 shortbow
Press: ? - help, Q - select action, (/) - cycle Shift-Dir - straight line, f/p - adder
Aim: an adder You shoot an arrow.
The arrow misses the adder.
You feel sick.
You are no longer poisoned.
The adder bites you but does no damage. The river rat closely misses you.
The adder barely misses you. The river rat barely misses you.
Fire: a) +0 shortbow
Press: ? - help, Q - select action, (/) - cycle Shift-Dir - straight line, f/p - adder
Aim: an adder You shoot an arrow.
The arrow misses the adder.
The adder bites you.
You are poisoned.
The adder poisons you! The river rat bites you.
Fire: a) +0 shortbow
Press: ? - help, Q - select action, (/) - cycle Shift-Dir - straight line, f/p - adder
Aim: an adder You shoot an arrow.
The arrow misses the adder.
You feel sick. The adder bites you but does no damage. The river rat bites you.
* * * LOW HITPOINT WARNING * * *
The adder barely misses you.
It was a potion of attraction.
You feel attractive to monsters.
You feel sick. The adder bites you.
* * * LOW HITPOINT WARNING * * *
You are lethally poisoned!
The adder poisons you! The river rat barely misses you.
The adder attacks as you move away! The adder bites you but does no damage.
* * * LOW HITPOINT WARNING * * *
You feel sick. The adder closely misses you. The river rat bites you.
* * * LOW HITPOINT WARNING * * *
Fire: a) +0 shortbow
Press: ? - help, Q - select action, (/) - cycle Shift-Dir - straight line, f/p - adder
Aim: an adder You shoot an arrow.
The arrow hits the adder.
The adder is lightly wounded.
You die...

#####
#...# #
#...#≈≈ {
#..≈#≈# {
##..≈#≈#
#..≈≈≈≈# {
#...≈#≈#
#.rS≈≈≈# {
#.@..#≈#
#...≈≈≈#{{
#....≈≈##
#..###..#
#..## ##†#
...# #†#
.### #†#
#.# #.#


You could see an adder and a river rat.

Vanquished Creatures
  3 adders (D:2)
  A river rat (D:3)
  A worm (D:2)
  2 dart slugs (D:1)
  An orc (D:2)
  3 endoplasms
  3 giant cockroaches
  4 goblins
  2 hobgoblins
  2 jackals (D:1)
  3 quokkas
  10 ball pythons
  3 bats
  3 frilled lizards
  6 kobolds
  8 rats
55 creatures vanquished.

Notes
Turn   | Place    | Note
-------+----------+-------------------------------------------
     0 | D:1      | Malachi the Formicid Hunter began the quest for the Orb.
     0 | D:1      | Reached XP level 1. HP: 16/16 MP: 1/1
    32 | D:1      | Reached XP level 2. HP: 22/22 MP: 2/2
   168 | D:1      | Reached XP level 3. HP: 27/27 MP: 3/3
   389 | D:1      | Reached skill level 5 in Ranged Weapons
   844 | D:1      | Found a faded altar of an unknown god.
   912 | D:1      | Prayed at the altar of an unknown god.
   912 | D:1      | Became a worshipper of Cheibriados the Contemplative
   912 | D:1      | Reached * piety under Cheibriados
   981 | D:2      | Found Nuagengoqi's Assorted Antiques.
  1069 | D:2      | Reached XP level 4. HP: 33/33 MP: 4/4
  1161 | D:2      | Found Yceukec's General Store.
  1344 | D:2      | Found Yngia's Jewellery Emporium.
  1356 | D:2      | Reached ** piety under Cheibriados
  1374 | D:2      | Found Qathozam's Book Emporium.
  1617 | D:3      | Found Vuurilat's Antique Armour Shop.
  1775 | D:3      | HP: 1/33 [river rat (3)]
  1776 | D:3      | Succumbed to an adder's poison

Illustrated notes

Levels and vault maps discovered:
D:1:      tarquinn_simple_flora_water_f, layout_basic,
          shapermc_ecumenical_altar_hornbeckon
D:2:      layout_basic, serial_shops, nicolae_shop_competitors_out_of_business,
          nicolae_lakefront_shop, shop,
          nicolae_shop_temple_entry_statues_fountains, dk_vineyard_2,
          chequers_serial_rivers_micro_e, kennysheep_nub
D:3:      layout_rooms, palyth_temple_overflow_mages,
          nicolae_overflow_crystal_walls, lightli_sewer_entry_pipes,
          serial_shops, nicolae_shop_overgrown_old_shop

Skill      XL: |  1  2  3 |
---------------+----------+-----
Ranged Weapons | 5 |  5.9
Fighting       | |  2.1
Armour         | |  0.1
Dodging        | |  1.7
Stealth        | |  1.4

Action                   |  1- 3 |  4- 6 || total
-------------------------+-------+-------++-------
 Fire: Shortbow          |    85 |    59 ||   144
 Abil: Dig               |       |     3 ||     3
  Use: Potion            |       |     3 ||     3
       Scroll            |       |     2 ||     2
Armor: Leather armour    |     4 |     9 ||    13
Dodge: Dodged            |    16 |    31 ||    47

Table legend: (Time is in decaauts)
 A = Elapsed time spent in this place.
 B = Non-inter-level travel time spent in this place.
 C = Inter-level travel time spent in this place.
 D = Time resting spent in this place.
 E = Time spent auto-exploring this place.
 F = Levels seen in this place.
 G = Mean time per level.
                   A        B        C        D        E       F      G
               +--------+--------+--------+--------+--------+-----+--------+
         Total |   2076 |   1947 |    129 |     85 |   1461 |   3 |  692.0 |
       Dungeon |   2076 |   1947 |    129 |     85 |   1461 |   3 |  692.0 |
               +--------+--------+--------+--------+--------+-----+--------+

Top non-repeatable levels by time:
     D:1: 1021 daAuts
     D:2: 870 daAuts
     D:3: 184 daAuts
